 Dungeon Crawl Stone Soup version 0.23.0-2-g0fe3ce5 (webtiles) character file.

Game seed: 131734009235207030

13474 shoop the Thaumaturge (level 12, -5/89 HPs)
             Began as a Gnoll Venom Mage on Feb 19, 2019.
             Was a High Priest of Nemelex Xobeh.
             Slain by a manticore (6 damage)
             ... on level 12 of the Dungeon.
             The game lasted 00:31:50 (11289 turns).

shoop the Thaumaturge (Gnoll Venom Mage)           Turns: 11289, Time: 00:31:50

Health: -5/89      AC:  9    Str: 20    XL:     12   Next: 6%
Magic:  14/24      EV: 17    Int: 17    God:    Nemelex Xobeh [*****.]
Gold:   234        SH:  0    Dex: 17    Spells: 20/28 levels left

rFire    . . .     SeeInvis .   v - +4 flail (holy)
rCold    . . .     Gourm    .   (no shield)
rNeg     . . .     Faith    .   o - +0 troll leather armour
rPois    .         Spirit   .   u - +2 hat {MR+}
rElec    .         Reflect  .   m - +0 cloak
rCorr    .         Harm     .   (no gloves)
MR       +....                  D - +0 pair of boots
Stlth    ++++......             x - amulet of rage
HPRegen  0.64/turn              C - +2 ring of slaying
MPRegen  0.19/turn              a - +5 ring of strength

@: barbed spikes
A: distributed training, fangs 1, strong nose
a: Draw Escape, Draw Destruction, Draw Summoning, Triple Draw, Deal Four, Stack
Five, Renounce Religion, Evoke Berserk Rage


You were on level 12 of the Dungeon.
You worshipped Nemelex Xobeh.
Nemelex Xobeh was extremely pleased with you.
You were not hungry.

You visited 1 branch of the dungeon, and saw 12 of its levels.

You collected 690 gold pieces.
You spent 456 gold pieces at shops.

Inventory:

Hand Weapons
 v - a +4 flail of holy wrath (weapon)
Armour
 m - a +0 cloak (worn)
 o - a +0 troll leather armour (worn)
 r - a +0 ring mail
 u - a +2 hat of magic resistance (worn)
 D - a +0 pair of boots (worn)
Jewellery
 a - a +5 ring of strength (right hand)
 x - an amulet of rage (around neck)
 C - a +2 ring of slaying (left hand)
 E - an uncursed ring of fire
 J - an uncursed ring of resist corrosion
 O - an uncursed amulet of harm {unknown}
Wands
 f - a wand of digging (4)
 l - a wand of polymorph (9)
 F - a wand of random effects (10)
 G - a wand of flame (13)
 H - a wand of disintegration (10)
Scrolls
 d - a scroll of identify
 e - 2 scrolls of enchant armour
 i - 5 scrolls of fear
 j - 12 scrolls of teleportation
 k - 4 scrolls of fog
 q - a scroll of vulnerability
 y - 2 scrolls of blinking
 z - 4 scrolls of magic mapping
 B - a scroll of amnesia
 K - a scroll of torment
 L - 5 scrolls of remove curse
 M - 3 scrolls of enchant weapon
Potions
 b - 6 potions of curing
 g - 3 potions of might
 h - 3 potions of heal wounds
 n - 4 potions of haste
 s - 4 potions of lignification
 t - 3 potions of agility
 w - a potion of flight
 A - a potion of berserk rage
 I - a potion of ambrosia
Miscellaneous
 N - a fan of gales
Comestibles
 c - 24 rations
 p - a chunk of flesh


   Skills:
 + Level 6.8 Fighting
 + Level 6.8 Short Blades
 + Level 6.8 Long Blades
 + Level 6.8 Axes
 + Level 6.8 Maces & Flails
 + Level 6.8 Polearms
 + Level 6.8 Staves
 + Level 6.8 Slings
 + Level 6.8 Bows
 + Level 6.8 Crossbows
 + Level 6.8 Throwing
 + Level 6.8 Armour
 + Level 8.3 Dodging
 + Level 8.0 Stealth
 + Level 6.8 Shields
 + Level 6.8 Unarmed Combat
 + Level 8.5 Spellcasting
 + Level 6.1 Conjurations
 + Level 5.6 Hexes
 + Level 5.6 Charms
 + Level 5.6 Summonings
 + Level 5.6 Necromancy
 + Level 5.6 Translocations
 + Level 5.6 Transmutations
 + Level 5.6 Fire Magic
 + Level 5.6 Ice Magic
 + Level 5.6 Air Magic
 + Level 5.6 Earth Magic
 + Level 7.9 Poison Magic
 + Level 7.4 Invocations
 + Level 6.8 Evocations


You had 20 spell levels left.
You knew the following spells:

 Your Spells              Type           Power        Failure   Level  Hunger
a - Sting                 Conj/Pois      ####         1%          1    None
c - Mephitic Cloud        Conj/Pois/Air  ####....     2%          3    #......
d - Olgreb's Toxic Radia  Pois           ####....     4%          4    ###....

Your spell library contained the following spells:

 Spells                   Type           Power        Failure   Level  Hunger
 Corona                   Hex            ####...      1%          1    None
 Magic Dart               Conj           ####         1%          1    None
 Ensorcelled Hibernation  Hex/Ice        ####..       1%          2    None
 Poisonous Vapours        Pois/Air       ####..       1%          2    None
 Searing Ray              Conj           ####..       1%          2    None
 Confuse                  Hex            ####....     3%          3    #......
 Dazzling Spray           Conj/Hex       ####..       3%          3    #......
 Tukima's Dance           Hex            ####....     3%          3    #......
 Force Lance              Conj/Tloc      ####....     10%         4    ###....
 Fulminant Prism          Conj/Hex       ####......   10%         4    ###....
 Iskenderun's Mystic Bla  Conj           ####....     10%         4    ###....
 Venom Bolt               Conj/Pois      ####......   17%         5    #####..


Dungeon Overview and Level Annotations

Branches:
Dungeon (12/15)            Temple (0/1) D:5            Lair (0/6) D:10
    Orc (0/2) D:11

Altars:
Cheibriados
Gozag
Nemelex Xobeh
Qazlal
Wu Jian
Xom
Yredelemnul
Zin

Shops:
D:7 ?   D:9 *

Portals:
Trove: D:12 (give +7 demon trident)

Annotations:
D:1 exclusions: 2 doors and 2 more exclusions
D:4 2 transporters, TwoGrow's ghost, amateur DsMo
D:11 exclusions: gargoyle and hydra


Innate Abilities, Weirdness & Mutations

Your experience applies equally to all skills.
You have very sharp teeth.
Your uncanny sense of smell can sniff out nearby items.


Message History

The volley of spikes hits you!
The barbed spikes become lodged in your body.
The barbs in your skin will harm you if you move.
Continue?
The barbed spikes dig painfully into your body as you move.
The manticore looks even sicker.
Your toxic aura wanes.
The manticore misses you. The manticore barely misses you.
The manticore completely misses you.
You sock the manticore! You punch the manticore.
The manticore is heavily wounded.
The manticore bites you!
* * * LOW HITPOINT WARNING * * *
The manticore barely misses you. The manticore claws you!
* * * LOW HITPOINT WARNING * * *
The manticore bites you.
* * * LOW HITPOINT WARNING * * *
The manticore claws you but does no damage.
The manticore claws you.
You die...
Your body glows slightly and disappears.

................$..
....................
......................
.........[.............
...................?....
........................
........(...............
...............[J.......
................@.......
.......?.........H......
.............#####......
.............# ......
.............# ......
........[....# .....
.............# .....
............... ....
................


You could see a slime creature and a manticore.

Vanquished Creatures
  Gastronok (D:11)
  Josephine (D:11)
  2 two-headed ogres
  2 trolls (D:11)
  Grinder (D:4)
  3 hippogriffs
  6 wraiths
  2 wyverns (D:11)
  2 hungry ghosts
  Eustachio (D:6)
  2 steam dragons
  Edmund (D:4)
  A water moccasin (D:8)
  Duvessa (D:6)
  4 phantoms
  An orc warrior (D:11)
  3 sky beasts
  An eye of draining (D:9)
  An ice beast (D:12)
  2 black bears
  15 ogres
  A necrophage (D:12)
  4 centaurs
  Blork the orc (D:5)
  7 bullfrogs
  Dowan (D:6)
  A wyvern zombie (D:10)
  A wyvern skeleton (D:10)
  2 scorpions
  A water moccasin skeleton (D:8)
  22 killer bees
  A howler monkey (D:6)
  A centaur zombie (D:9)
  6 crimson imps
  8 jellies
  A quasit (D:12)
  3 bullfrog zombies
  6 orc priests
  8 hounds
  A bullfrog skeleton (D:8)
  4 iguanas
  5 orc wizards
  5 worker ants
  A hound zombie (D:6)
  A hound skeleton (D:6)
  A worker ant zombie (D:5)
  11 gnolls
  12 adders
  2 shadow imps
  10 oozes
  2 adder zombies
  4 worms
  A dart slug (D:2)
  7 leopard geckos
  33 orcs
  10 bats
  5 giant cockroaches
  5 goblins
  6 hobgoblins
  11 jackals
  12 kobolds
  3 quokkas
  4 ball pythons
  8 frilled lizards
  A giant cockroach zombie (D:5)
  A jackal skeleton (D:4)
  A jackal zombie (D:6)
  A leopard gecko skeleton (D:4)
  A quokka zombie (D:5)
  5 rats
302 creatures vanquished.

Vanquished Creatures (others)
  A gargoyle (D:10)
1 creature vanquished.

Grand Total: 303 creatures vanquished

Notes
Turn   | Place    | Note
-------+----------+-------------------------------------------
     0 | D:1      | shoop the Gnoll Venom Mage began the quest for the Orb.
     0 | D:1      | Reached XP level 1. HP: 13/13 MP: 6/6
   413 | D:1      | Reached XP level 2. HP: 19/19 MP: 2/7
   699 | D:1      | Found a sparkling altar of Nemelex Xobeh.
   728 | D:1      | Became a worshipper of Nemelex Xobeh the Trickster
   766 | D:1      | Reached XP level 3. HP: 24/25 MP: 0/9
   773 | D:1      | Reached skill level 5 in Spellcasting
   852 | D:1      | Received a gift from Nemelex Xobeh
   902 | D:1      | Reached skill level 1 in Invocations
  1170 | D:1      | Reached * piety under Nemelex Xobeh
  1424 | D:2      | Reached skill level 1 in Fighting
  1424 | D:2      | Reached skill level 1 in Short Blades
  1424 | D:2      | Reached skill level 1 in Long Blades
  1424 | D:2      | Reached skill level 1 in Axes
  1424 | D:2      | Reached skill level 1 in Maces & Flails
  1424 | D:2      | Reached skill level 1 in Polearms
  1424 | D:2      | Reached skill level 1 in Staves
  1424 | D:2      | Reached skill level 1 in Slings
  1424 | D:2      | Reached skill level 1 in Bows
  1424 | D:2      | Reached skill level 1 in Crossbows
  1424 | D:2      | Reached skill level 1 in Throwing
  1424 | D:2      | Reached skill level 1 in Armour
  1424 | D:2      | Reached skill level 1 in Shields
  1424 | D:2      | Reached skill level 1 in Unarmed Combat
  1424 | D:2      | Reached skill level 1 in Evocations
  1429 | D:2      | Learned a level 3 spell: Mephitic Cloud
  1440 | D:2      | Reached XP level 4. HP: 29/32 MP: 7/11
  1446 | D:2      | Learned a level 4 spell: Olgreb's Toxic Radiance
  1516 | D:2      | Received a gift from Nemelex Xobeh
  1872 | D:2      | You fall through a shaft for 2 floors!
  1873 | D:4      | Noticed Edmund
  1877 | D:4      | Reached skill level 1 in Hexes
  1877 | D:4      | Reached skill level 1 in Charms
  1877 | D:4      | Reached skill level 1 in Summonings
  1877 | D:4      | Reached skill level 1 in Necromancy
  1877 | D:4      | Reached skill level 1 in Translocations
  1877 | D:4      | Reached skill level 1 in Transmutations
  1877 | D:4      | Reached skill level 1 in Fire Magic
  1877 | D:4      | Reached skill level 1 in Ice Magic
  1877 | D:4      | Reached skill level 1 in Air Magic
  1877 | D:4      | Reached skill level 1 in Earth Magic
  1880 | D:4      | Reached XP level 5. HP: 37/37 MP: 3/12
  2065 | D:3      | Received a gift from Nemelex Xobeh
  2067 | D:3      | Reached ** piety under Nemelex Xobeh
  2109 | D:3      | Found an ornate altar of the Wu Jian Council.
  2705 | D:3      | Reached XP level 6. HP: 44/44 MP: 2/13
  3137 | D:4      | Found a transporter.
  3140 | D:4      | Noticed TwoGrow's ghost (amateur DsMo)
  3210 | D:4      | Killed Edmund
  3210 | D:4      | Reached skill level 5 in Dodging
  3347 | D:4      | Found a transporter.
  3348 | D:4      | Noticed Grinder
  3564 | D:4      | Reached XP level 7. HP: 28/50 MP: 10/15
  3907 | D:4      | Reached skill level 5 in Stealth
  4328 | D:4      | Killed Grinder
  4328 | D:4      | Reached XP level 8. HP: 37/58 MP: 16/16
  4462 | D:5      | Entered Level 5 of the Dungeon
  4462 | D:5      | Received a gift from Nemelex Xobeh
  4550 | D:5      | Found a staircase to the Ecumenical Temple.
  4576 | D:5      | Reached *** piety under Nemelex Xobeh
  4877 | D:6      | Noticed Blork the orc
  4891 | D:5      | Killed Blork the orc
  5062 | D:6      | Found an opulent altar of Gozag.
  5104 | D:6      | Received a gift from Nemelex Xobeh
  5148 | D:6      | Noticed Eustachio
  5164 | D:6      | Killed Eustachio
  5164 | D:6      | Reached XP level 9. HP: 65/65 MP: 6/18
  5286 | D:6      | Found a snail-covered altar of Cheibriados.
  5472 | D:6      | Found a basalt altar of Yredelemnul.
  5472 | D:6      | Found a shimmering altar of Xom.
  5577 | D:6      | Noticed Duvessa
  5579 | D:6      | Noticed Dowan
  5590 | D:6      | Killed Duvessa
  5602 | D:6      | Killed Dowan
  6073 | D:7      | Found a stormy altar of Qazlal.
  6095 | D:7      | Found Rocuu's Magic Scroll Shoppe.
  6104 | D:7      | Bought a scroll of identify for 28 gold pieces
  6104 | D:7      | Bought a scroll of magic mapping for 49 gold pieces
  6104 | D:7      | Bought a scroll of noise for 14 gold pieces
  6104 | D:7      | Bought a scroll of fear for 49 gold pieces
  6104 | D:7      | Bought a scroll of random uselessness for 14 gold pieces
  6104 | D:7      | Bought a scroll of enchant weapon for 105 gold pieces
  6104 | D:7      | Bought a scroll of identify for 28 gold pieces
  6165 | D:7      | Reached skill level 5 in Invocations
  6432 | D:7      | Noticed a two-headed ogre
  6588 | D:7      | Reached XP level 10. HP: 58/73 MP: 9/20
  6722 | D:7      | Killed a two-headed ogre
  6722 | D:7      | Reached skill level 5 in Fighting
  6722 | D:7      | Reached skill level 5 in Short Blades
  6722 | D:7      | Reached skill level 5 in Long Blades
  6722 | D:7      | Reached skill level 5 in Axes
  6722 | D:7      | Reached skill level 5 in Maces & Flails
  6722 | D:7      | Reached skill level 5 in Polearms
  6722 | D:7      | Reached skill level 5 in Staves
  6722 | D:7      | Reached skill level 5 in Slings
  6722 | D:7      | Reached skill level 5 in Bows
  6722 | D:7      | Reached skill level 5 in Crossbows
  6722 | D:7      | Reached skill level 5 in Throwing
  6722 | D:7      | Reached skill level 5 in Armour
  6722 | D:7      | Reached skill level 5 in Shields
  6722 | D:7      | Reached skill level 5 in Unarmed Combat
  6722 | D:7      | Reached skill level 5 in Evocations
  6801 | D:8      | Reached **** piety under Nemelex Xobeh
  7006 | D:8      | Received a gift from Nemelex Xobeh
  7570 | D:8      | Noticed a two-headed ogre
  7584 | D:8      | Killed a two-headed ogre
  7584 | D:8      | Reached skill level 5 in Conjurations
  7634 | D:8      | Received a gift from Nemelex Xobeh
  8021 | D:8      | Found a glowing silver altar of Zin.
  8422 | D:9      | Found Fudumet's Hallowed Reliquary.
  8423 | D:9      | Found a glowing silver altar of Zin.
  8424 | D:9      | Noticed an angel
  8428 | D:9      | Bought 2 potions of heal wounds for 130 gold pieces
  8428 | D:9      | Bought a potion of curing for 39 gold pieces
  8990 | D:10     | Entered Level 10 of the Dungeon
  8990 | D:10     | Received a gift from Nemelex Xobeh
  8990 | D:10     | Noticed a gargoyle
  8993 | D:10     | Reached XP level 11. HP: 71/81 MP: 13/22
  9481 | D:10     | Reached skill level 5 in Hexes
  9481 | D:10     | Reached skill level 5 in Charms
  9481 | D:10     | Reached skill level 5 in Summonings
  9481 | D:10     | Reached skill level 5 in Necromancy
  9481 | D:10     | Reached skill level 5 in Translocations
  9481 | D:10     | Reached skill level 5 in Transmutations
  9481 | D:10     | Reached skill level 5 in Fire Magic
  9481 | D:10     | Reached skill level 5 in Ice Magic
  9481 | D:10     | Reached skill level 5 in Air Magic
  9481 | D:10     | Reached skill level 5 in Earth Magic
  9654 | D:10     | Reached ***** piety under Nemelex Xobeh
  9767 | D:10     | Found a staircase to the Lair.
 10487 | D:11     | Noticed an eight-headed hydra
 10556 | D:11     | Found a staircase to the Orcish Mines.
 10714 | D:11     | Noticed Josephine
 10737 | D:11     | Killed Josephine
 10853 | D:11     | Noticed Gastronok
 11039 | D:11     | Killed Gastronok
 11039 | D:11     | Reached XP level 12. HP: 29/89 MP: 21/24
 11156 | D:12     | Received a gift from Nemelex Xobeh
 11186 | D:12     | Found a portal to a secret trove of treasure.
 11289 | D:12     | HP: 1/89 [manticore (4)]
 11289 | D:12     | Slain by a manticore

Skill      XL: |  1  2  3  4  5  6  7  8  9 10 11 |
---------------+----------------------------------+-----
Conjurations   | 2 3 4 5 6 |  6.1
Spellcasting   | 5 6 7 8 |  8.5
Invocations    | 1 2 3 4 5 6 7 |  7.4
Fighting       | 1 2 3 4 5 6 |  6.8
Short Blades   | 1 2 3 4 5 6 |  6.8
Long Blades    | 1 2 3 4 5 6 |  6.8
Axes           | 1 2 3 4 5 6 |  6.8
Maces & Flails | 1 2 3 4 5 6 |  6.8
Polearms       | 1 2 3 4 5 6 |  6.8
Staves         | 1 2 3 4 5 6 |  6.8
Slings         | 1 2 3 4 5 6 |  6.8
Bows           | 1 2 3 4 5 6 |  6.8
Crossbows      | 1 2 3 4 5 6 |  6.8
Throwing       | 1 2 3 4 5 6 |  6.8
Armour         | 1 2 3 4 5 6 |  6.8
Shields        | 1 2 3 4 5 6 |  6.8
Unarmed Combat | 1 2 3 4 5 6 |  6.8
Evocations     | 1 2 3 4 5 6 |  6.8
Hexes          | 1 2 3 4 5 |  5.6
Charms         | 1 2 3 4 5 |  5.6
Summonings     | 1 2 3 4 5 |  5.6
Necromancy     | 1 2 3 4 5 |  5.6
Translocations | 1 2 3 4 5 |  5.6
Transmutations | 1 2 3 4 5 |  5.6
Fire Magic     | 1 2 3 4 5 |  5.6
Ice Magic      | 1 2 3 4 5 |  5.6
Air Magic      | 1 2 3 4 5 |  5.6
Earth Magic    | 1 2 3 4 5 |  5.6
Dodging        | 5 6 7 8 |  8.3
Stealth        | 5 6 7 8 |  8.0
Poison Magic   | 6 7 |  7.9

Action                   |  1- 3 |  4- 6 |  7- 9 | 10-12 || total
-------------------------+-------+-------+-------+-------++-------
Melee: Unarmed           |    17 |       |       |       ||    17
       Bite              |     1 |       |    14 |    35 ||    50
       Spear             |    17 |       |       |       ||    17
       Club              |     1 |       |       |       ||     1
       Quarterstaff      |       |    14 |       |       ||    14
       Flail             |       |     1 |   143 |   278 ||   422
       Punch             |       |       |     2 |    16 ||    18
 Cast: Sting             |    62 |   124 |   116 |   131 ||   433
       Olgreb's Toxic Ra |       |     1 |     5 |    20 ||    26
       Mephitic Cloud    |       |     1 |    13 |     5 ||    19
 Abil: Draw Destruction  |       |       |       |     7 ||     7
  Use: Scroll            |     2 |     1 |       |    13 ||    16
 Stab: Confused          |       |       |     4 |     4 ||     8
       Sleeping          |       |       |     1 |     5 ||     6
       Distracted        |       |       |       |     1 ||     1
  Eat: Chunk             |     1 |     7 |     9 |    15 ||    32
       Ration            |       |       |     2 |     1 ||     3
Armor: Robe              |     4 |       |       |       ||     4
       Ring mail         |       |    11 |    49 |    55 ||   115
       Troll leather arm |       |       |       |    10 ||    10
Dodge: Dodged            |    26 |    33 |   143 |   267 ||   469
